AoeStats
← terra95

Lombardia

508857583Analyzed
2v2 RM · 7d ago on Sep 24, 2026· 36m 31s· 4 players
Game mode
Random Map
Map size
Medium (4 player)
Population
200
Speed
Normal
Resources
Standard
Victory
Conquest
Starting age
Dark Age
Ending age
Imperial Age
RankedLock teamsTeams togetherTeam positionsShared explorationLock speedFull tech treeHidden civsTurbo modeCheats
Victory
Defeat
🇩🇪 Franks · Germany
1332
+14
🇩🇪 Magyars · Germany
1331
+14
🇩🇪 Saxons · Germany
1287
-14
🇩🇪 Varangians · Germany
1286
-14
DerZerSchlachta
6:35 Loom
9:34 Feudal Age
14:07 Forging
17:35 Double-Bit Axe
19:26 Wheelbarrow
23:07 Castle Age
21:53 Scale Barding Armor
24:36 Iron Casting
26:06 Hand Cart
27:34 Bow Saw
32:07 Chain Barding Armor
38:16 Imperial Age
DerZerfetzer
0:27 Loom
9:43 Feudal Age
11:14 Double-Bit Axe
11:26 Horse Collar
17:04 Bloodlines
20:41 Wheelbarrow
20:43 Scale Barding Armor
25:42 Castle Age
24:11 Fletching
24:22 Padded Archer Armor
27:08 Husbandry
27:04 Bodkin Arrow
27:25 Leather Archer Armor
29:54 Bow Saw
32:51 Ballistics
34:27 Thumb Ring
35:33 Gold Mining
BlackRay
7:16 Loom
7:26 Loom
9:39 Feudal Age
11:04 Double-Bit Axe
11:00 Horse Collar
13:06 Bloodlines
15:00 Forging
18:04 Scale Barding Armor
24:41 Castle Age
23:44 Wheelbarrow
23:47 Stone Mining
24:11 Gold Mining
24:46 Light Cavalry
26:59 Chain Barding Armor
27:14 Bow Saw
29:56 Fletching
30:06 Town Watch
30:26 Husbandry
30:41 Padded Archer Armor
32:22 Heavy Plow
33:02 Elite Skirmisher
33:58 Bodkin Arrow
36:36 Masonry
terra95
7:31 Loom
9:41 Feudal Age
10:55 Double-Bit Axe
11:51 Man-at-Arms
19:38 Scale Mail Armor
19:36 Horse Collar
20:28 Arson
26:17 Castle Age
25:39 Forging
27:35 Chain Mail Armor
26:44 Pikeman
32:11 Stone Mining
32:55 Squires
33:38 Iron Casting
33:34 Bow Saw
Connection lost

Rejoining the realm…

Still unreachable

The connection could not be restored.

Session expired

The server has moved on; the page needs a fresh start.